 Dungeon Crawl Stone Soup version 0.24-a0-378-g94936e539c (webtiles) character file.

Game seed: 15498291842048011356

24927 Peloso the Carver (level 12, -2/110 HPs)
             Began as a Minotaur Fighter on June 2, 2019.
             Was a High Priest of Okawaru.
             Slain by a five-headed hydra (7 damage)
             ... on level 3 of the Lair of Beasts.
             The game lasted 00:39:11 (13034 turns).

Peloso the Carver (Minotaur Fighter)               Turns: 13034, Time: 00:39:18

Health: -2/110     AC: 23    Str: 23    XL:     12   Next: 85%
Magic:  11/11      EV: 10    Int:  5    God:    Okawaru [*****.]
Gold:   899        SH: 13    Dex: 13    Spells: 11/11 levels left

rFire    + . .     SeeInvis .   W - +2 dagger (flame)
rCold    + . .     Gourm    .   c - +0 shield
rNeg     . . .     Faith    .   Y - +3 plate armour {rC+}
rPois    .         Spirit   .   (helmet restricted)
rElec    .         Reflect  .   w - +1 cloak
rCorr    .         Harm     .   Q - +2 pair of gloves
MR       .....                  (no boots)
Stlth    ..........             (no amulet)
HPRegen  0.28/turn              (no ring)
MPRegen  0.12/turn              V - ring of protection from fire

@: about to teleport, slowed, very slow
A: retaliatory headbutt, horns 2
a: Heroism, Finesse, Renounce Religion


You were on level 3 of the Lair of Beasts.
You worshipped Okawaru.
Okawaru was extremely pleased with you.
You were not hungry.

You visited 3 branches of the dungeon, and saw 16 of its levels.
You also visited: Ossuary.

You collected 1052 gold pieces.
You spent 153 gold pieces at shops.

Inventory:

Hand Weapons
 a - a +3 falchion of freezing
 W - a +2 dagger of flaming (weapon)
Armour
 b - a +0 scale mail
 c - a +0 shield (worn)
 u - a +0 plate armour of fire resistance
 w - a +1 cloak (worn)
 Q - a +2 pair of gloves (worn)
 Y - a +3 plate armour of cold resistance (worn)
Jewellery
 o - an uncursed ring of ice
 K - an uncursed amulet of guardian spirit
 N - an uncursed ring of fire
 V - a ring of protection from fire (right hand)
Wands
 q - a wand of paralysis (5)
 y - a wand of flame (18)
 B - a wand of enslavement (17)
 H - a wand of disintegration (6)
 L - a wand of acid (12)
 O - a wand of polymorph (13)
 R - a wand of scattershot (3)
Scrolls
 d - a scroll of random uselessness {unknown}
 g - 5 scrolls of remove curse
 h - 9 scrolls of teleportation
 k - 4 scrolls of immolation {unknown}
 m - 5 scrolls of enchant armour {unknown}
 r - a scroll of fear {unknown}
 t - 6 scrolls of blinking {unknown}
 C - 3 scrolls of magic mapping {unknown}
 F - a scroll of acquirement {unknown}
 J - 5 scrolls of fog {unknown}
 M - 2 scrolls of amnesia {unknown}
 P - 2 scrolls of brand weapon {unknown}
 U - 2 scrolls of enchant weapon {unknown}
Potions
 e - 2 potions of resistance
 i - a potion of experience
 j - 3 potions of haste
 n - 2 potions of berserk rage
 p - 2 potions of heal wounds
 v - 2 potions of might
 x - 3 potions of agility
 A - 5 potions of brilliance
 D - a potion of curing
 E - 5 potions of flight {unknown}
 G - a potion of invisibility {unknown}
Miscellaneous
 l - a sack of spiders
 s - a lamp of fire
Comestibles
 f - 31 rations


   Skills:
 + Level 11.5 Fighting
 + Level 2.4(9.0) Short Blades
 + Level 14.1(14.2) Long Blades
   Level 1.3 Polearms
 + Level 10.7 Armour
 + Level 7.1 Dodging
 + Level 1.0 Stealth
 + Level 13.1 Shields
 + Level 1.0 Invocations
 + Level 1.3 Evocations


You had 11 spell levels left.
You didn't know any spells.
Your spell library contained the following spells:

 Spells                   Type           Power        Failure   Level  Hunger
 Corona                   Hex            #......      100%        1    ##.....
 Sandblast                Erth           #.....       100%        1    ##.....
 Ensorcelled Hibernation  Hex/Ice        #.....       100%        2    ###....
 Passwall                 Tmut/Erth      #.......     100%        2    ###....
 Confuse                  Hex            #.......     100%        3    ####...
 Dazzling Spray           Conj/Hex       #.....       100%        3    ####...
 Stone Arrow              Conj/Erth      #.....       100%        3    ####...
 Tukima's Dance           Hex            #.......     100%        3    ####...
 Petrify                  Tmut/Erth      #.......     100%        4    #####..
 Lee's Rapid Deconstruct  Erth           #.........   100%        5    ######.


Dungeon Overview and Level Annotations

Branches:
Dungeon (12/15)            Temple (1/1) D:7            Lair (3/6) D:11
    Orc (0/2) D:9
  Swamp: Lair:2-4    Shoals: Lair:2-4     Snake: Lair:2-4    Spider: Lair:2-4

Altars:
Ashenzari
Cheibriados
Dithmenos
Elyvilon
Fedhas
Gozag
Hepliaklqana
Kikubaaqudgha
Makhleb
Nemelex Xobeh
Okawaru
Qazlal
Ru
Sif Muna
Trog
Uskayaw
Vehumet
Wu Jian
Xom
Yredelemnul
Zin
The Shining One

Shops:
D:4 [   D:7 :   D:8 *   D:12 *


Innate Abilities, Weirdness & Mutations

You reflexively headbutt those who attack you in melee.
You have a pair of horns on your head.


Message History

The five-headed hydra bites you.
* * * LOW HITPOINT WARNING * * *
You hit the five-headed hydra. You burn the five-headed hydra.
You headbutt the five-headed hydra!
The five-headed hydra is severely wounded.
Unknown command.
As you read the scroll of teleportation, it crumbles to dust.
You feel strangely unstable.
The five-headed hydra bites you but does no damage.
The five-headed hydra bites you.
* * * LOW HITPOINT WARNING * * *
The five-headed hydra bites you!
* * * LOW HITPOINT WARNING * * *
The five-headed hydra bites you but does no damage. x2
The blink frog blinks!
The five-headed hydra bites you.
* * * LOW HITPOINT WARNING * * *
The five-headed hydra closely misses you.
You block the five-headed hydra's attack.
The five-headed hydra bites you!
You die...

### # ########@# ###
###..#.#.#Y#D###############.#
..........Ywh.................
......†##§#YY##......(........
P#....##.##FY###..............
###..##..YYY§.#....###....#.#
#.. #r......#.....####P..###
......#.......#....P###P..##.
..##..##...>...#....###......+


You could see a five-headed hydra, a torpor snail, a polar bear, 7 yaks and a
blink frog.

Vanquished Creatures
  A hydra (Lair:1)
  2 two-headed ogres
  Urug (D:10)
  Sonja (Lair:2)
  An unseen horror (D:12)
  Pikel (D:5)
  2 cyclopes (D:11)
  Maurice (D:9)
  A black mamba (Lair:1)
  5 spiny frogs
  6 komodo dragons
  A tyrant leech (D:10)
  A hippogriff (Lair:2)
  Grinder (D:3)
  4 blink frogs
  2 vampires (D:10)
  A wyvern (D:12)
  A wraith (D:12)
  Grum (D:8)
  Eustachio (D:5)
  5 basilisks
  2 hungry ghosts
  23 yaks
  5 vampire mosquitoes (D:10)
  A steam dragon (D:10)
  A soldier ant (D:11)
  9 porcupines
  2 water moccasins
  Duvessa (D:5)
  9 orc warriors
  4 sky beasts
  2 black bears
  An ice beast (D:10)
  2 slaves (D:5)
  A necrophage (D:9)
  6 ogres
  5 phantoms
  6 wolves
  9 centaurs
  2 crocodiles
  4 big kobolds
  8 bullfrogs
  A water moccasin zombie (D:11)
  A scorpion (D:7)
  Dowan (D:5)
  4 killer bees (D:10)
  4 wights (D:6)
  5 howler monkeys
  9 crimson imps
  2 bullfrog zombies (D:12)
  6 jellies
  2 quasits
  5 hounds
  A gnoll shaman (D:7)
  8 orc priests
  4 bullfrog skeletons
  3 centaur skeletons
  2 iguanas (D:7)
  Terence (D:3)
  12 orc wizards
  3 worker ants
  A big kobold zombie (Ossuary)
  9 mummies
  4 gnolls
  15 adders
  4 shadow imps
  8 oozes
  2 adder zombies
  4 worms
  9 leopard geckos
  34 orcs
  2 ball pythons
  7 giant cockroaches
  4 goblins
  9 hobgoblins
  8 jackals
  3 quokkas
  8 bats
  5 frilled lizards
  A goblin zombie (D:6)
  2 hobgoblin zombies (Ossuary)
  A jackal zombie (D:5)
  33 kobolds
  4 kobold zombies
  2 orc zombies (Ossuary)
  7 rats
  A fungus (Lair:1)
404 creatures vanquished.

Vanquished Creatures (others)
  A slave (D:5)
  An iguana (D:8)
  A bush (D:11)
  3 fungi (D:11)
  12 plants (D:11)
18 creatures vanquished.

Grand Total: 422 creatures vanquished

Notes
Turn   | Place    | Note
-------+----------+-------------------------------------------
     0 | D:1      | Peloso the Minotaur Fighter began the quest for the Orb.
     0 | D:1      | Reached XP level 1. HP: 19/19 MP: 0/0
   204 | D:1      | Reached XP level 2. HP: 25/27 MP: 1/1
   866 | D:2      | Reached XP level 3. HP: 32/33 MP: 2/2
   881 | D:2      | Reached skill level 3 in Long Blades
   903 | D:2      | Reached XP level 4. HP: 26/40 MP: 3/3
  1323 | D:2      | Reached skill level 4 in Long Blades
  1361 | D:2      | Found a glowing silver altar of Zin.
  1402 | D:2      | Reached XP level 5. HP: 39/46 MP: 4/4
  1568 | D:2      | Found a glowing silver altar of Zin.
  1704 | D:3      | Noticed Terence
  1719 | D:3      | Killed Terence
  1816 | D:3      | Reached skill level 5 in Shields
  1827 | D:3      | HP: 2/46 [orc priest/divine providence (10)]
  1828 | D:3      | Reached skill level 5 in Long Blades
  1880 | D:3      | Found a faded altar of an unknown god.
  1890 | D:3      | Reached skill level 1 in Dodging
  1897 | D:3      | Reached XP level 6. HP: 15/53 MP: 5/5
  2002 | D:3      | Noticed Grinder
  2012 | D:3      | Killed Grinder
  2012 | D:3      | Reached skill level 5 in Armour
  2284 | D:3      | Reached skill level 6 in Long Blades
  2553 | D:4      | Reached XP level 7. HP: 56/60 MP: 6/6
  2580 | D:4      | Reached skill level 5 in Fighting
  2798 | D:4      | Found Hauqaavunt's Antique Armour Shop.
  2806 | D:4      | Bought a diamond-encrusted scale mail for 153 gold pieces
  2819 | D:4      | Identified the +2 scale mail of Complete Protection {rF+
                  | rC+} (You bought it in a shop on level 4 of the Dungeon)
  2930 | D:4      | Found an ornate altar of the Wu Jian Council.
  3123 | D:5      | Entered Level 5 of the Dungeon
  3176 | D:5      | Found a bloodstained altar of Trog.
  3436 | D:5      | Noticed Pikel
  3451 | D:5      | HP: 3/91 [Pikel/+1 whip of electrocution (10)]
  3456 | D:5      | HP: 1/91 [slave[Pikel] (3)]
  3457 | D:5      | Killed Pikel
  3457 | D:5      | Reached skill level 7 in Long Blades
  3457 | D:5      | Reached XP level 8. HP: 1/69 MP: 7/7
  3818 | D:5      | Noticed Dowan
  3819 | D:5      | Noticed Duvessa
  3823 | D:5      | Killed Dowan
  3834 | D:5      | Killed Duvessa
  3834 | D:5      | Reached skill level 8 in Long Blades
  4032 | D:5      | Noticed Eustachio
  4062 | D:5      | Killed Eustachio
  4341 | D:5      | Found a basalt altar of Yredelemnul.
  4691 | D:6      | Found a sand-covered staircase.
  4696 | D:6      | Reached XP level 9. HP: 66/75 MP: 8/8
  4699 | Ossuary  | Entered an ossuary
  4822 | Ossuary  | Reached skill level 9 in Long Blades
  5036 | D:6      | Found a sacrificial altar of Ru.
  5783 | D:7      | Found a staircase to the Ecumenical Temple.
  5795 | Temple   | Entered the Ecumenical Temple
  5935 | D:7      | Reached skill level 10 in Long Blades
  6320 | D:7      | Found an iron altar of Okawaru.
  6329 | D:7      | Became a worshipper of Warmaster Okawaru
  6401 | D:7      | Found Furchous's Book Shoppe.
  6458 | D:7      | Noticed a komodo dragon
  6478 | D:7      | Killed a komodo dragon
  6795 | D:7      | Reached XP level 10. HP: 86/86 MP: 9/9
  6987 | D:8      | Found a hide-covered altar of Uskayaw.
  6987 | D:8      | Found a burning altar of Makhleb.
  7023 | D:8      | Found Kinlual's Island Escapes.
  7042 | D:8      | Found a radiant altar of Vehumet.
  7113 | D:8      | Reached * piety under Okawaru
  7263 | D:8      | Noticed Grum
  7305 | D:8      | Reached skill level 11 in Long Blades
  7305 | D:8      | Reached skill level 5 in Dodging
  7314 | D:8      | Killed Grum
  7314 | D:8      | Reached ** piety under Okawaru
  7467 | D:9      | Noticed Maurice
  7651 | D:9      | Found a glowing silver altar of Zin.
  7976 | D:9      | Killed Maurice
  7976 | D:9      | Reached skill level 1 in Evocations
  7993 | D:9      | Reached *** piety under Okawaru
  8008 | D:9      | Reached skill level 10 in Shields
  8309 | D:9      | Found a staircase to the Orcish Mines.
  8410 | D:9      | Found a snail-covered altar of Cheibriados.
  8536 | D:10     | Entered Level 10 of the Dungeon
  8720 | D:10     | Reached skill level 1 in Stealth
  8736 | D:10     | Reached XP level 11. HP: 89/97 MP: 10/10
  8787 | D:10     | Noticed Urug
  8792 | D:10     | Reached skill level 12 in Long Blades
  8814 | D:10     | Killed Urug
  8955 | D:10     | Reached **** piety under Okawaru
  8961 | D:10     | Found the +12 Vampire's Tooth {vamp}
  9167 | D:10     | Got a translucent trident
  9168 | D:10     | Identified the +8 trident "Ofiefaub" {freeze, rN+ SInv}
                  | (You found it on level 10 of the Dungeon)
  9257 | D:10     | Noticed a two-headed ogre
  9271 | D:10     | Killed a two-headed ogre
  9271 | D:10     | Reached skill level 10 in Fighting
  9658 | D:11     | Reached ***** piety under Okawaru
  9762 | D:11     | Found a staircase to the Lair.
  9768 | D:11     | Noticed a two-headed ogre
 10041 | D:11     | Killed a two-headed ogre
 10163 | D:11     | Reached skill level 13 in Long Blades
 10481 | D:12     | Received a gift from Okawaru
 10555 | D:12     | Noticed an unseen horror
 10567 | D:12     | Found Sules's Assorted Antiques.
 10568 | D:12     | Killed an unseen horror
 10582 | D:12     | Reached XP level 12. HP: 100/108 MP: 11/11
 10790 | D:12     | Reached skill level 1 in Polearms
 11243 | Lair:1   | Entered Level 1 of the Lair of Beasts
 11612 | Lair:1   | Noticed an eight-headed hydra
 11629 | Lair:1   | Killed an eight-headed hydra
 12035 | Lair:2   | Reached skill level 1 in Short Blades
 12035 | Lair:2   | Reached skill level 10 in Armour
 12669 | Lair:2   | Noticed Sonja
 12671 | Lair:2   | Killed Sonja
 12671 | Lair:2   | Reached skill level 14 in Long Blades
 12717 | Lair:2   | Received a gift from Okawaru
 12993 | Lair:3   | Reached skill level 1 in Invocations
 12996 | Lair:3   | Noticed a four-headed hydra
 13034 | Lair:3   | HP: 5/110 [five-headed hydra (2)]
 13034 | Lair:3   | Slain by a five-headed hydra

Levels and vault maps discovered:
D:1:      dpeg_arrival_signposts, layout_loops_ring
D:2:      layout_loops_ring, zin_treasury, first_ration, minmay_hexomino_r4
D:3:      layout_loops_ring, gup_sewer_entry_bubbles,
          chequers_ecumenical_altar_simple_redux, uniq_grinder, uniq_terence
D:4:      layout_basic, lemuel_doored_altar, serial_shops, shop,
          kennysheep_donut, kennysheep_doodads
D:5:      layout_basic, kennysheep_little_box, basic_altar, grunt_tough_drop,
          uniq_eustachio, uniq_pikel, uniq_duvessa
D:6:      layout_basic, hangedman_ru_absence, nicolae_ossuary_entry_giza
D:7:      layout_loops_cross, okawaru_metal_pillars_1_2,
          minmay_temple_entry_ruins, serial_shops, kennysheep_mini_moat
D:8:      layout_rooms, gammafunk_temple_overflow_wave, fiery_altar_vehumet,
          nicolae_island_escapes, uniq_grum
D:9:      layout_irregular_city, cheibriados_altar_1, david_orc_4, basic_altar,
          hangedman_little_slice_of_home, uniq_maurice
D:10:     layout_basic, minmay_guarded_unrand_vampires_tooth, uniq_urug
D:11:     layout_rooms, minmay_lair_entry_grove
D:12:     layout_roguey, serial_shops, nicolae_shop_overgrown_old_shop,
          evilmike_minifort
Temple:   dshaligram_water_room_temple
Lair:1:   layout_misc_corridors, beast_lair_carwin_11
Lair:2:   layout_cave_shapes, serial_bayou_pond_b, uniq_sonja
Lair:3:   layout_regular_city, lemuel_fruit_fields

Skill      XL: |  1  2  3  4  5  6  7  8  9 10 11 12 |
---------------+-------------------------------------+-----
Shields        | 4 5 6 7 8 10 11 13 | 13.1
Armour         | 4 5 6 7 8 9 10 | 10.7
Long Blades    | 3 4 5 6 7 8 10 11 13 14 | 14.1
Fighting       | 4 5 6 7 9 10 11 | 11.5
Dodging        | 1 2 3 4 5 7 |  7.1
Evocations     | 1 |  1.3
Stealth        | 1 |  1.0
Polearms       | 1 |  1.3
Short Blades   | 2 |  2.4
Invocations    | 1 |  1.0

Action                   |  1- 3 |  4- 6 |  7- 9 | 10-12 || total
-------------------------+-------+-------+-------+-------++-------
Melee: Long sword        |    87 |   156 |   351 |       ||   594
       Headbutt          |     9 |    33 |    97 |   239 ||   378
       Falchion          |       |       |   126 |   836 ||   962
       Trident           |       |       |       |    14 ||    14
       Dagger            |       |       |       |    15 ||    15
Invok: Heroism           |       |       |       |     5 ||     5
Evoke: Wand              |       |       |     6 |     8 ||    14
  Use: Potion            |       |     1 |     1 |     4 ||     6
       Scroll            |       |       |    10 |     6 ||    16
  Eat: Chunk             |       |     5 |     8 |    20 ||    33
       Ration            |       |       |     2 |     1 ||     3
Armor: Scale mail        |    46 |    44 |   150 |   164 ||   404
       Plate armour      |       |       |       |   122 ||   122
Dodge: Dodged            |    33 |    41 |   130 |   294 ||   498
Block: Shield            |    52 |    79 |   237 |   481 ||   849
       Rpst.: Long sword |     8 |     8 |    34 |       ||    50
       Falchion          |       |       |     7 |    58 ||    65

Table legend:
 A = Non-vault XP
 B = Vault XP
 C = Vault XP percentage of total XP
 D = Non-vault monster count
 E = Vault monster count
 F = Vault count percentage of total count
                 A         B        C        D         E       F
            +---------+---------+-------+---------+---------+-------
      Total |   24534 |   11077 |  31.1 |     307 |      94 |  23.4
            +---------+---------+-------+---------+---------+-------
        D:1 |      38 |       0 |   0.0 |      27 |       0 |   0.0
        D:2 |     166 |       6 |   3.5 |      25 |       3 |  10.7
        D:3 |     167 |     350 |  67.7 |      28 |       8 |  22.2
        D:4 |     113 |       0 |   0.0 |      11 |       0 |   0.0
        D:5 |     573 |    1366 |  70.4 |      23 |       7 |  23.3
        D:6 |     906 |      20 |   2.2 |      20 |       3 |  13.0
        D:7 |    1555 |       0 |   0.0 |      27 |       0 |   0.0
        D:8 |    1717 |     666 |  27.9 |      12 |       5 |  29.4
        D:9 |    1310 |    1289 |  49.6 |      22 |      25 |  53.2
       D:10 |    2140 |    2572 |  54.6 |      21 |      10 |  32.3
       D:11 |    3729 |    1844 |  33.1 |      23 |      11 |  32.4
       D:12 |    4623 |       0 |   0.0 |      34 |       0 |   0.0
     Temple |     139 |       0 |   0.0 |       2 |       0 |   0.0
     Lair:1 |    1915 |    1182 |  38.2 |      10 |       3 |  23.1
     Lair:2 |    3090 |    1607 |  34.2 |      14 |       3 |  17.6
     Lair:3 |    2353 |       0 |   0.0 |       8 |       0 |   0.0
    Ossuary |       0 |     175 | 100.0 |       0 |      16 | 100.0
            +---------+---------+-------+---------+---------+-------
